 Dungeon Crawl Stone Soup version 0.26.0-16-gc1dbca0489 (webtiles) character file.

Game seed: 11060172767257069494

14934 hawla the Thaumaturge (level 11, -10/79 HPs)
             Began as a Green Draconian Conjurer on Jan 21, 2021.
             Was an Initiate of Gozag.
             Mangled by a boulder beetle (15 damage)
             ... on level 2 of the Lair of Beasts.
             The game lasted 00:40:46 (16169 turns).

hawla the Thaumaturge (Green Draconian Conjurer)   Turns: 16169, Time: 00:40:46

Health: -10/79     AC: 10    Str:  9    XL:     11   Next: 95%
Magic:  32/36      EV: 12    Int: 29    God:    Gozag
Gold:   2119       SH:  0    Dex:  9    Spells: 16/34 levels left

rFire    . . .     SeeInvis .   j - +4 quarterstaff (chaos)
rCold    . . .     Faith    .   (shield currently unavailable)
rNeg     . . .     Spirit   .   (armour unavailable)
rPois    +         Reflect  .   E - +2 hat
rElec    .         Harm     .   m - +0 cloak
rCorr    .         Rampage  .   (no gloves)
Will     .....                  (no boots)
Stlth    ++........             (no amulet)
HPRegen  0.23/turn              s - ring of magical power
MPRegen  0.25/turn              k - +6 ring of intelligence

@: about to teleport
A: breathe noxious fumes, unfitting armour, poison resistance, cold-blooded, AC
+7
a: Breathe Noxious Fumes, Renounce Religion, Potion Petition, Call Merchant,
Bribe Branch


You were on level 2 of the Lair of Beasts.
You worshipped Gozag.
Gozag was most pleased with you.
You visited 3 branches of the dungeon, and saw 13 of its levels.
You also visited: Ossuary.

You collected 2186 gold pieces.
You paid 67 gold pieces to Gozag.

Inventory:

Hand Weapons
 j - a +4 quarterstaff of chaos (weapon)
Missiles
 h - 11 boomerangs (quivered)
 i - 59 poisoned darts
 I - a throwing net
 J - 5 javelins
Armour
 m - a +0 cloak (worn)
 n - the +0 pair of gloves of the Black Moon {-Cast rPois rCorr Dex+7}
   (You found it on level 7 of the Dungeon)

   It affects your dexterity (+7).
   It protects you from poison.
   It prevents spellcasting.
   It provides partial protection from all sources of acid and corrosion.
 E - a +2 hat (worn)
 L - a +0 buckler
Magical Staves
 B - an uncursed staff of air
Jewellery
 e - an uncursed ring of protection from cold
 k - a +6 ring of intelligence (right hand)
 s - a ring of magical power (left hand)
 y - a cursed amulet of inaccuracy {unknown}
 G - an uncursed ring of willpower {unknown}
Wands
 A - a wand of acid (4)
 F - a wand of enslavement (10)
 H - a wand of digging (4)
 K - a wand of iceblast (7)
Scrolls
 b - 2 scrolls of teleportation
 c - 5 scrolls of remove curse
 f - a scroll of amnesia {unknown}
 o - 8 scrolls of identify
 v - 2 scrolls of fog {unknown}
 w - a scroll of immolation {unknown}
 z - a scroll of blinking {unknown}
Potions
 a - 6 potions of curing
 d - 3 potions of heal wounds
 g - 10 potions of ambrosia
 l - a potion of resistance
 p - 3 potions of might {unknown}
 q - 2 potions of invisibility
 r - a potion of brilliance
 t - a potion of haste
 u - 4 potions of flight
 x - 3 potions of mutation {unknown}
 C - a potion of cancellation {unknown}
 D - 3 potions of berserk rage {unknown}


   Skills:
 - Level 1.9 Fighting
 + Level 9.0 Staves
 - Level 1.5 Throwing
 - Level 2.1 Dodging
 - Level 2.3 Stealth
 + Level 0.0 Shields
 + Level 12.3 Spellcasting
 - Level 7.2 Conjurations
 - Level 4.7 Translocations
 * Level 2.8 Transmutations
 - Level 5.2 Fire Magic
 * Level 3.2 Poison Magic


You had 16 spell levels left.
You knew the following spells:

 Your Spells              Type           Power        Failure   Level
a - Magic Dart            Conj           100%         1%          1
b - Searing Ray           Conj           100%         1%          2
c - Iskenderun's Mystic   Conj/Tloc      51%          2%          4
d - Conjure Flame         Conj/Fire      52%          1%          3
e - Blink                 Tloc           N/A          1%          2
f - Apportation           Tloc           90%          1%          1
g - Alistair's Intoxicat  Tmut/Pois      23%          24%         5

Your spell library contained the following spells:

 Spells                   Type           Power        Failure   Level
 Dazzling Flash           Conj/Hex       76%          1%          3
 Lesser Beckoning         Tloc           22%          1%          3
 Static Discharge         Conj/Air       38%          1%          3
 Mephitic Cloud           Conj/Pois/Air  38%          2%          3
 Call Imp                 Summ           17%          4%          2
 Slow                     Hex            17%          4%          2
 Fulminant Prism          Conj/Hex       19%          7%          4
 Tukima's Dance           Hex            17%          9%          3
 Lightning Bolt           Conj/Air       19%          19%         5
 Invisibility             Hex            17%          99%         6
 Ignition                 Fire           24%          100%        8
 Shatter                  Erth           8%           100%        9
 Tornado                  Air            8%           100%        9


Dungeon Overview and Level Annotations

Branches:
Dungeon (10/15)            Temple (1/1) D:4            Lair (2/6) D:10
    Orc (0/2) D:9         Ossuary (visited)
  Swamp: Lair:2-4    Shoals: Lair:2-4     Snake: Lair:2-4    Spider: Lair:2-4

Altars:
Ashenzari
Cheibriados
Dithmenos
Elyvilon
Fedhas
Gozag
Hepliaklqana
Kikubaaqudgha
Makhleb
Nemelex Xobeh
Okawaru
Qazlal
Ru
Sif Muna
Trog
Uskayaw
Vehumet
Wu Jian
Xom
Yredelemnul
Zin
The Shining One

Annotations:
D:1 Learn Apportation, get gold.
D:7 3 runed translucent doors, kaeus's ghost, novice DsFi
D:10 2 transporters
Lair:1 Urug


Innate Abilities, Weirdness & Mutations

You can breathe blasts of noxious fumes.
Your lurid green scales are hard. (AC +7)
You cannot fit into any form of body armour.
Your system is resistant to poisons. (rPois)
You are cold-blooded and may be slowed by cold attacks.


Message History

Confirm with . or Enter, or press ? or * to list all spells.
Aiming: Apportation (safe; 1% risk of failure)
Press: ? - help, Dir - move target, p - boulder beetle Apport: a papyrus book Yoink!
You pull the item towards yourself.
You see here a book of the Tempests.
The boulder beetle barely misses you.
You pick up a book of the Tempests and begin reading...
You add the spells Static Discharge, Lightning Bolt, Ignition, Tornado and Shatter to your library.
The boulder beetle bites you!
Casting: Apportation (safe; 1% risk of failure)
Confirm with . or Enter, or press ? or * to list all spells.
You erupt in a blast of force!
The mystic blast hits the boulder beetle!
The boulder beetle is moderately wounded.
The boulder beetle bites you!!
* * * LOW HITPOINT WARNING * * *
As you read the scroll of teleportation, it crumbles to dust.
You feel strangely unstable. The boulder beetle bites you!
You die...
Your body crumbles into a pile of gold.

#....#..>(...###
#...........##
##........###
#........##
#.......#.#
##.#.....### #
#.....####
##.#.###.#####
#.....@B..#
#.......###
#≈#P.....#
♣#...#.#
.....#.#
≈....##..


PP.... ... ≈≈≈... .... You could see a boulder beetle.

Vanquished Creatures
  Harold (Lair:1)
  3 hydras
  An ogre mage (Lair:1)
  A two-headed ogre (D:8)
  An unseen horror (D:10)
  A cyclops (D:10)
  4 cane toads
  Joseph (D:7)
  2 komodo dragons
  A queen bee (D:9)
  A troll (D:10)
  A shadow (D:10)
  A basilisk (Lair:2)
  A wyvern (D:10)
  Eustachio (D:4)
  8 yaks
  A soldier ant (D:10)
  3 water moccasins
  An ice beast (D:10)
  3 sky beasts
  2 black bears (D:7)
  3 orc warriors
  3 phantoms
  5 ogres
  A necrophage (D:9)
  9 wolves
  5 centaurs
  6 bullfrogs
  A wyvern zombie (D:9)
  A scorpion (D:8)
  27 killer bees
  4 wights (D:8)
  An electric eel (Lair:1)
  2 orc priests (D:7)
  A centaur zombie (D:6)
  Crazy Yiuf (D:4)
  A centaur skeleton (D:7)
  2 hounds (D:6)
  6 bullfrog skeletons
  2 iguanas
  2 worker ants
  5 orc wizards
  8 mummies (Ossuary)
  2 worker ant zombies (D:7)
  4 gnolls (D:7)
  7 adders
  A shadow imp (D:8)
  2 white imps
  An ufetubus (D:5)
  6 worms
  A dart slug (D:2)
  5 leopard geckos
  24 orcs
  8 giant cockroaches
  11 goblins
  3 hobgoblins
  2 jackals (D:7)
  5 quokkas
  A ball python (D:1)
  13 bats
  9 frilled lizards
  4 gnoll zombies
  3 hobgoblin zombies (Ossuary)
  A jackal skeleton (D:5)
  A jackal zombie (D:6)
  9 kobolds
  A kobold zombie (Ossuary)
  2 orc zombies (Ossuary)
  9 rats
270 creatures vanquished.

Vanquished Creatures (others)
  5 fungi
  15 plants
20 creatures vanquished.

Grand Total: 290 creatures vanquished

Notes
Turn   | Place    | Note
-------+----------+-------------------------------------------
     0 | D:1      | hawla the Draconian Conjurer began the quest for the Orb.
     0 | D:1      | Reached XP level 1. HP: 14/14 MP: 3/3
   301 | D:1      | Reached skill level 1 in Fighting
   301 | D:1      | Reached XP level 2. HP: 23/23 MP: 1/5
   481 | D:1      | Learned a level 2 spell: Searing Ray
  1002 | D:1      | You fall into a shaft and drop 1 floor!
  1130 | D:2      | Reached skill level 3 in Spellcasting
  1130 | D:2      | Reached XP level 3. HP: 19/28 MP: 0/7
  2294 | D:2      | Reached XP level 4. HP: 35/35 MP: 6/9
  2302 | D:2      | Learned a level 4 spell: Iskenderun's Mystic Blast
  2851 | D:2      | Found a sparkling altar of Nemelex Xobeh.
  3419 | D:3      | Reached skill level 1 in Translocations
  3702 | D:3      | Found a basalt altar of Yredelemnul.
  3786 | D:3      | Reached XP level 5. HP: 40/40 MP: 5/10
  4057 | D:3      | Reached skill level 4 in Spellcasting
  4352 | D:4      | Found a runed translucent door.
  4353 | D:4      | Noticed Crazy Yiuf
  4391 | D:4      | Noticed Eustachio
  4400 | D:4      | Killed Eustachio
  4401 | D:4      | Reached skill level 5 in Conjurations
  4401 | D:4      | Reached XP level 6. HP: 46/47 MP: 0/12
  4553 | D:4      | Found a staircase to the Ecumenical Temple.
  4618 | D:4      | Found a hazy altar of Hepliaklqana.
  4716 | D:4      | Your scales start taking on a lurid green colour.
  4716 | D:4      | Reached XP level 7. HP: 52/52 MP: 1/13
  4716 | D:4      | Gained mutation: Your system is resistant to poisons.
                  | (rPois) [Green Draconian growth]
  4754 | Temple   | Entered the Ecumenical Temple
  4907 | Temple   | Became a worshipper of Gozag Ym Sagoz the Greedy
  5391 | D:4      | Killed Crazy Yiuf
  5480 | D:5      | Entered Level 5 of the Dungeon
  5519 | D:5      | Reached skill level 1 in Staves
  5522 | D:5      | Found a sand-covered staircase.
  5583 | Ossuary  | Entered an ossuary
  5783 | Ossuary  | Reached skill level 5 in Spellcasting
  6252 | D:5      | Reached XP level 8. HP: 59/59 MP: 9/16
  6515 | D:5      | Found an iron altar of Okawaru.
  6538 | D:5      | Reached skill level 1 in Throwing
  6773 | D:5      | Found a shimmering altar of Xom.
  6829 | D:5      | Found a burning altar of Makhleb.
  7136 | D:5      | Found an ancient bone altar of Kikubaaqudgha.
  7339 | D:6      | Reached skill level 6 in Spellcasting
  7945 | D:6      | Learned a level 3 spell: Conjure Flame
  7948 | D:6      | Learned a level 2 spell: Blink
  7959 | D:6      | Found an iron altar of Okawaru.
  8157 | D:7      | Reached skill level 1 in Fire Magic
  8466 | D:7      | Found a runed translucent gate.
  8470 | D:7      | Found a runed translucent gate.
  8470 | D:7      | Found a runed translucent gate.
  8493 | D:7      | Got a pair of twisted gloves
  8499 | D:7      | Identified the cursed +0 pair of gloves of the Black Moon
                  | {-Cast rPois rCorr Dex+7} (You found it on level 7 of the
                  | Dungeon)
  8622 | D:7      | Reached XP level 9. HP: 42/67 MP: 19/19
  8750 | D:7      | Found a hide-covered altar of Uskayaw.
  8759 | D:7      | Noticed a +0 dagger
  8760 | D:7      | Noticed a +0 hand axe
  8836 | D:7      | Noticed Joseph
  8849 | D:7      | Killed Joseph
  8850 | D:7      | Reached skill level 7 in Spellcasting
  9102 | D:7      | Noticed kaeus's ghost (novice DsFi)
  9121 | D:7      | Found a bloodstained altar of Trog.
  9609 | D:8      | Reached skill level 8 in Spellcasting
  9631 | D:8      | Noticed a two-headed ogre
  9641 | D:8      | Killed a two-headed ogre
  9642 | D:8      | Reached skill level 9 in Spellcasting
 10618 | D:9      | Reached skill level 10 in Spellcasting
 10664 | D:9      | Reached XP level 10. HP: 65/73 MP: 22/24
 10850 | D:9      | Found a staircase to the Orcish Mines.
 11611 | D:9      | Reached skill level 5 in Staves
 12228 | D:10     | Entered Level 10 of the Dungeon
 12394 | D:10     | Reached skill level 11 in Spellcasting
 12521 | D:10     | Found a transporter.
 12532 | D:10     | Noticed an ogre mage
 12533 | D:10     | Noticed a centaur warrior
 12535 | D:10     | Noticed a flayed ghost
 12535 | D:10     | Noticed a fire giant
 12854 | D:10     | Found a staircase to the Lair.
 12966 | D:10     | Found a transporter.
 12979 | D:10     | Killed an unseen horror
 13001 | D:10     | Noticed an ogre mage
 13004 | D:10     | Reached XP level 11. HP: 68/79 MP: 15/26
 13023 | Lair:1   | Entered Level 1 of the Lair of Beasts
 13222 | Lair:1   | Killed an ogre mage
 13324 | D:10     | Noticed a wizard
 13903 | Lair:1   | Noticed Harold
 14120 | Lair:1   | Noticed an eight-headed hydra
 14130 | Lair:1   | Killed an eight-headed hydra
 14305 | Lair:1   | Killed Harold
 14306 | Lair:1   | Reached skill level 12 in Spellcasting
 14665 | Lair:1   | Noticed a five-headed hydra
 14675 | Lair:1   | Killed a five-headed hydra
 14676 | Lair:1   | Reached skill level 5 in Fire Magic
 14749 | Lair:1   | Noticed Urug
 14841 | Lair:1   | Learned a level 1 spell: Apportation
 14847 | Lair:1   | Learned a level 5 spell: Alistair's Intoxication
 14950 | Lair:2   | Noticed a six-headed hydra
 14958 | Lair:2   | Killed a six-headed hydra
 14959 | Lair:2   | Reached skill level 1 in Transmutations
 16142 | Lair:2   | Noticed a boulder beetle
 16169 | Lair:2   | Mangled by a boulder beetle

Illustrated notes

Levels and vault maps discovered:
D:1:      psy_arrival_radial02, layout_basic, corexii_item_surrounded_by_moat,
          st_stairs_4, hangedman_decor_peaks_small
D:2:      minmay_general_purpose_star, layout_basic,
          chequers_serial_rivers_micro_a, nemelex_diamond_rough_becter
D:3:      minmay_evil_eye, layout_loops_ring, lemuel_zombie_altar_yredelemnul,
          minmay_misc_feat_roman, bh_walls_and_bars
D:4:      layout_rooms, nzn_hepliaklqana_mist_gate, minmay_temple_entry_waves,
          uniq_eustachio, uniq_crazy_yiuf_cottage
D:5:      layout_gridville, old_standard_altar, lightli_temple_of_fire,
          kennysheep_mini_moat, lemuel_round_altar, enter_ossuary_5,
          serial_bayou_pond_c
D:6:      layout_gridville, basic_altar, grunt_ministairs_2,
          kennysheep_another_room
D:7:      layout_cave_pools, trog_ov_bears_minmay, dancing_weapons_uskayaw,
          ebering_ghost_rock_garden, uniq_joseph
D:8:      layout_basic
D:9:      layout_basic, orc_0_dummy, special_room [special_room_bee]
D:10:     gammafunk_sealed_arena, layout_cave_pods, lair_entry_dummy,
          minivault_28
Temple:   jpeg_temple_clearing
Lair:1:   layout_cellular_growth, grunt_megastairs_2, serial_bayou_shore_a,
          uniq_urug, uniq_harold
Lair:2:   layout_cave_pods, minmay_shoals_entry_hut, infiniplex_staircase_pool,
          grunt_megastairs_1, serial_bayou_shore_b

Skill      XL: |  1  2  3  4  5  6  7  8  9 10 11 |
---------------+----------------------------------+-----
Stealth        | 2 |  2.3
Dodging        | 2 |  2.1
Fighting       | 1 |  1.9
Spellcasting   | 3 4 5 6 10 11 12 | 12.3
Translocations | 1 2 3 4 |  4.7
Conjurations   | 5 6 7 |  7.2
Staves         | 1 3 4 7 9 |  9.0
Throwing       | 1 |  1.5
Fire Magic     | 1 2 5 |  5.2
Transmutations | 2 |  2.8
Poison Magic   | 3 |  3.2

Action                   |  1- 3 |  4- 6 |  7- 9 | 10-12 || total
-------------------------+-------+-------+-------+-------++-------
Melee: Unarmed           |    32 |       |       |       ||    32
       Tailslap          |     4 |     1 |     1 |       ||     6
       Mace              |       |     5 |       |       ||     5
       Whip              |       |     1 |     4 |       ||     5
       Quarterstaff      |       |       |    16 |     5 ||    21
Throw: Boomerang         |       |       |    10 |       ||    10
 Cast: Magic Dart        |    68 |    54 |   115 |    65 ||   302
       Searing Ray       |     7 |    23 |    61 |    74 ||   165
       Iskenderun's Myst |       |     1 |    21 |    47 ||    69
       Conjure Flame     |       |       |     1 |       ||     1
       Blink             |       |       |     1 |       ||     1
       Alistair's Intoxi |       |       |       |     2 ||     2
       Apportation       |       |       |       |     1 ||     1
 Abil: Breathe Noxious F |       |       |       |     3 ||     3
Evoke: Wand              |       |       |       |     3 ||     3
  Use: Scroll            |       |     6 |    13 |     6 ||    25
       Potion            |       |       |     1 |     2 ||     3
Armor: Skin              |    10 |     1 |    30 |    37 ||    78
Dodge: Dodged            |    31 |    15 |    47 |    78 ||   171
